 Dungeon Crawl Stone Soup version 0.19-a0-683-g5f2401d (webtiles) character file.

78263 zero the Severer (level 15, -8/134 HPs)
             Began as a Deep Dwarf Berserker on June 17, 2016.
             Was an Initiate of Makhleb.
             Mangled by an orc warrior
             ... wielding a +0 glaive
              (10 damage)
             ... on level 2 of the Orcish Mines.
             The game lasted 00:46:00 (18068 turns).

zero the Severer (Deep Dwarf Berserker)            Turns: 18068, Time: 00:46:01

Health: -8/134     AC: 23    Str: 27    XL:     15   Next: 17%
Magic:  18/18      EV: 11    Int:  8    God:    Makhleb [......]
Gold:   1134       SH: 16    Dex: 12    Spells: 0 memorised, 14 levels left

rFire  . . .     SeeInvis +     N - +1 broad axe
rCold  . . .     Gourm    .     M - +0 plate armour
rNeg   + . .     Faith    .     r - +0 shield
rPois  .         Spirit   .     P - +0 helmet
rElec  .         Dismiss  .     p - +1 cloak
rCorr  .         Reflect  +     u - +2 pair of gloves
SustAt .         Harm     .     (no boots)
MR     ++...                    o - +3 amulet of reflection
Stlth  ..........               W - ring of Lufagho {+Blink EV+3}
                                V - ring of see invisible

@: non-regenerating, very resistant to hostile enchantments, extremely
unstealthy
A: damage resistance, recharge devices, hooves 2, blurry vision 2, negative
energy resistance 1, sense surroundings 2, slow regeneration 3
a: Device Recharging, Renounce Religion, Evoke Blink


You were on level 2 of the Orcish Mines.
You worshipped Makhleb.
Makhleb was noncommittal.
You were not hungry.

You visited 6 branches of the dungeon, and saw 24 of its levels.
You also visited: Labyrinth and Volcano.

You collected 1984 gold pieces.
You spent 850 gold pieces at shops.

Inventory:

Hand Weapons
 l - the +4 spear "Arcanum" {drain, rElec Str+2}
   (You found it on level 2 of the Lair of Beasts)

   A truly terrible weapon, it drains the life of those it strikes.
   It affects your strength (+2).
   It insulates you from electricity.
 t - a +1 battleaxe of flaming
 x - a +6 hunting sling of flaming
 N - a +1 broad axe (weapon)
Missiles
 C - 8 throwing nets (quivered)
Armour
 p - a +1 cloak (worn)
 r - a +0 shield (worn)
 u - a +2 pair of gloves (worn)
 M - a +0 plate armour (worn)
 P - a +0 helmet (worn)
Jewellery
 o - a +3 amulet of reflection (around neck)
 y - an uncursed ring of protection from magic
 E - an uncursed ring of sustain attributes
 J - an uncursed ring of flight
 V - a ring of see invisible (left hand)
 W - the ring of Lufagho (right hand) {+Blink EV+3}
   (You bought it in a shop on level 11 of the Dungeon)

   [ring of evasion]

   It affects your evasion (+3).
   It lets you blink.
Wands
 a - a wand of acid (8/15)
 b - a wand of iceblast (3/15)
 c - a wand of heal wounds (7/9)
 f - a wand of flame (10/48)
 D - a wand of teleportation (4/9)
 F - a wand of flame (21/48)
 K - a wand of lightning (9/15)
 L - a wand of slowing (31/48)
 O - a wand of slowing (34/48)
 Q - a wand of iceblast (5/15)
 X - a wand of lightning (7/15)
Scrolls
 e - 3 scrolls of fog
 h - 9 scrolls of teleportation
 q - 2 scrolls of identify
 v - 6 scrolls of remove curse
 R - a scroll of fear
 Z - a scroll of blinking
Potions
 g - 4 potions of haste
 j - 5 potions of brilliance
 m - 2 potions of ambrosia
 n - 2 potions of invisibility
 s - a potion of lignification
 w - 4 potions of flight
 z - 2 potions of cancellation
 A - 2 potions of might
 B - 5 potions of curing
Comestibles
 d - 11 bread rations
 i - 4 chunks of flesh
 I - 7 fruits


   Skills:
 + Level 8.9 Fighting
 - Level 17.0 Axes
 * Level 13.3 Armour
 - Level 2.1 Dodging
 + Level 12.6 Shields
 - Level 7.6 Evocations


You had 14 spell levels left.
You didn't know any spells.

Dungeon Overview and Level Annotations

Branches:
Dungeon (13/15)            Temple (1/1) D:6            Lair (6/6) D:9
 Shoals (1/4) Lair:3       Spider (1/4) Lair:2        Slime (0/5) Lair:5
    Orc (2/2) D:9             Elf (0/3) Orc:2
 Vaults: D:13-14

Altars:
Ashenzari
Cheibriados
Dithmenos
Elyvilon
Fedhas
Gozag
Hepliaklqana
Kikubaaqudgha
Makhleb
Nemelex Xobeh
Okawaru
Pakellas
Qazlal
Ru
Sif Muna
Trog
Uskayaw
Vehumet
Xom
Yredelemnul
Zin
The Shining One
Jiyva

Shops:
D:6 (   D:10 (   D:11 =


Innate Abilities, Weirdness & Mutations

You are resistant to damage.
You can recharge devices by infusing magical energy.
You resist negative energy. (rN+)
You passively map the area around you.
You do not regenerate naturally.
You have hoof-like feet.
Scrolls take you longer to read.


Message History

The warg is heavily wounded.
You slice the warg!!
You kill the warg!
Makhleb accepts your kill.
You hit the warg but do no damage.
The warg is heavily wounded.
The orc knight roars a battlecry!
The orcs go into a battle-frenzy!
The warg misses you.
The orc warrior hits you from afar with a glaive!
* * * LOW HITPOINT WARNING * * *
The warg bites you.
* * * LOW HITPOINT WARNING * * *
You block the warg's attack.
You fail to use your ability.
The orc warrior hits you with a battleaxe!!
* * * LOW HITPOINT WARNING * * *
You block the warg's attack.
The warg bites you but does no damage. x2
The orc warrior hits you from afar with a glaive!
You die...

, , , #... ** * * * *
#..#,,,,#..#, , #..#
#..#* * , , #..#, ,#..# #
#..# #..#### *
*#.#######h.######..##.##
,,
..o.....o..........#...#
, ,
.......ho).........##.##
, #.o)@h...######.##..# ,
, .......ho..#.#*
#....... ,
..............# ##..#...
, ,...........#.##
#...... ,, ...........$##
* #...... , ,
........>....# #..#...
..........$.## ....##..
,.............* .##.####.
, ,, , , , ,, ## *#..


You could see an orc knight, 4 wargs, 3 orc warriors and an orc.

Vanquished Creatures
  Kirke (D:12)
  Gastronok (D:12)
  Snorg (Orc:2)
  A minotaur (Lab)
  An ogre mage (Volcano)
  Harold (Lair:3)
  5 hydras
  A queen ant (Lair:2)
  3 death yaks (Lair:4)
  Pikel (D:7)
  4 hill giants
  2 deep elf magi (D:12)
  2 ugly things (D:12)
  2 cyclopes
  A hornet (Spider:1)
  A griffon (Lair:4)
  A faun (Lair:3)
  4 centaur zombies (D:12)
  5 black mambas
  2 molten gargoyles (Volcano)
  11 elephants
  2 gargoyles
  2 spiny frogs
  6 komodo dragons
  3 polar bears
  2 trolls
  A snapping turtle (Lair:3)
  5 two-headed ogres
  3 blink frogs (Lair:5)
  2 shadows (Lab)
  A tarantella (Spider:1)
  7 redbacks
  A wyvern (D:12)
  21 yaks
  4 hogs (D:12)
  A wraith (D:12)
  4 hippogriffs
  2 fire bats (Volcano)
  A basilisk (D:12)
  7 vampire mosquitoes (D:12)
  A human (D:7)
  A steam dragon (D:11)
  3 wargs (Orc:2)
  A soldier ant (Lair:2)
  3 porcupines (Lair:1)
  4 water moccasins
  Duvessa (D:7)
  11 orc warriors
  4 ice beasts
  A black bear (D:11)
  2 phantoms
  A sky beast (D:6)
  4 necrophages
  7 ogres
  4 centaurs
  13 crocodiles
  11 giant frogs
  A gnoll sergeant (D:9)
  3 wyvern zombies
  Dowan (D:7)
  3 scorpions
  A wyvern skeleton (D:11)
  3 wights
  4 jellies
  6 howler monkeys
  2 troll skeletons (Lab)
  3 lava snakes (Volcano)
  7 crimson imps
  2 quasits
  2 giant frog zombies
  9 hounds
  4 giant frog skeletons
  6 orc priests
  A centaur skeleton (D:5)
  6 iguanas
  19 orc wizards
  24 worker ants
  18 sheep
  A hound skeleton (D:8)
  A worker ant zombie (D:6)
  15 gnolls
  11 adders
  62 river rats
  3 shadow imps
  An ooze (D:3)
  An adder skeleton (D:4)
  4 worms
  4 dart slugs
  5 giant geckos
  89 orcs
  A ball python (D:1)
  11 giant cockroaches
  8 goblins
  3 hobgoblins
  16 jackals
  2 kobolds
  4 quokkas
  19 bats
  A giant gecko skeleton (D:6)
  A giant gecko zombie (D:7)
  4 giant newts
  18 rats
  6 bushes (D:12)
  5 fungi
  4 plants
623 creatures vanquished.

Vanquished Creatures (collateral kills)
  3 hydras
  A spiny frog (Lair:1)
  A yak (Lair:2)
  3 soldier ants (Lair:2)
  A water moccasin (Lair:5)
  An orc warrior (D:9)
  A giant frog (Lair:5)
  An iguana (Lair:1)
  9 worker ants (Lair:2)
  3 river rats (Lair:1)
  An orc (D:9)
  A fungus (Lair:1)
26 creatures vanquished.

Vanquished Creatures (others)
  A slave (D:7)
  2 centaurs
  A giant frog (D:11)
  An orc wizard (D:7)
  A worker ant (D:7)
  2 orcs (D:7)
  A bush (D:12)
  5 fungi
  14 plants
28 creatures vanquished.

Grand Total: 677 creatures vanquished

Notes
Turn   | Place    | Note
--------------------------------------------------------------
     0 | D:1      | zero the Deep Dwarf Berserker began the quest for the Orb.
     0 | D:1      | Reached XP level 1. HP: 20/20 MP: 1/1
   115 | D:1      | Reached XP level 2. HP: 25/27 MP: 2/2
   298 | D:1      | Reached skill level 4 in Axes
   554 | D:1      | Reached ** piety under Trog
   631 | D:1      | Reached XP level 3. HP: 31/33 MP: 3/3
  1004 | D:2      | Reached skill level 5 in Axes
  1167 | D:3      | Reached XP level 4. HP: 40/40 MP: 4/4
  1260 | D:3      | Reached skill level 6 in Axes
  1478 | D:3      | Reached *** piety under Trog
  1702 | D:3      | Reached XP level 5. HP: 9/46 MP: 5/5
  2009 | D:4      | Reached skill level 1 in Shields
  2098 | D:4      | Reached skill level 7 in Axes
  2127 | D:4      | Reached XP level 6. HP: 37/55 MP: 6/6
  2361 | D:5      | Entered Level 5 of the Dungeon
  2869 | D:5      | Noticed an ice beast
  2879 | D:5      | Killed an ice beast
  2879 | D:5      | Reached skill level 8 in Axes
  2879 | D:5      | Reached XP level 7. HP: 39/61 MP: 7/7
  3109 | D:5      | Reached **** piety under Trog
  3536 | D:6      | Found Rihim's Antique Weapon Shoppe.
  4237 | D:6      | Reached skill level 9 in Axes
  4237 | D:6      | Reached XP level 8. HP: 35/68 MP: 8/8
  4379 | D:6      | Found a staircase to the Ecumenical Temple.
  4837 | D:6      | Gained mutation: You have large cloven feet. [potion of mutation]
  4837 | D:6      | Gained mutation: You have hoof-like feet. [potion of mutation]
  4837 | D:6      | Gained mutation: Scrolls take you a little longer to read. [potion of mutation]
  4838 | D:6      | Gained mutation: Scrolls take you longer to read. [potion of mutation]
  4902 | D:7      | Reached skill level 5 in Armour
  5056 | D:7      | Received a gift from Trog
  5292 | D:7      | Reached skill level 10 in Axes
  5292 | D:7      | Reached skill level 5 in Shields
  5449 | D:7      | Noticed Duvessa
  5456 | D:7      | Noticed Dowan
  5462 | D:7      | Killed Duvessa
  5462 | D:7      | Gained mutation: You passively map the area around you. [Deep Dwarf growth]
  5462 | D:7      | Reached XP level 9. HP: 67/74 MP: 9/9
  5465 | D:7      | Killed Dowan
  5611 | D:7      | Noticed Pikel
  5618 | D:7      | Killed Pikel
  5618 | D:7      | Reached skill level 11 in Axes
  6196 | D:7      | Reached ***** piety under Trog
  6763 | D:8      | Found a burning altar of Makhleb.
  7027 | D:9      | Reached skill level 12 in Axes
  7138 | D:9      | Found a staircase to the Orcish Mines.
  7143 | D:9      | Reached XP level 10. HP: 65/81 MP: 10/10
  7176 | D:9      | Received a gift from Trog
  7255 | D:9      | Found an ancient bone altar of Kikubaaqudgha.
  7556 | D:9      | Found a staircase to the Lair.
  8104 | Lair:1   | Entered Level 1 of the Lair of Beasts
  8104 | Lair:1   | Noticed a seven-headed hydra
  8114 | Lair:1   | Killed a ten-headed hydra
  8114 | Lair:1   | Reached skill level 13 in Axes
  8170 | Lair:1   | Noticed a six-headed hydra
  8175 | Lair:1   | Noticed a spiny frog
  8258 | D:10     | Entered Level 10 of the Dungeon
  8258 | D:10     | Noticed a gargoyle
  8263 | D:10     | Killed a gargoyle
  8698 | D:10     | Reached XP level 11. HP: 53/91 MP: 11/11
  8939 | D:10     | Found Ynlia's Antique Weapon Emporium.
  9141 | D:11     | Reached skill level 1 in Evocations
  9281 | D:11     | Received a gift from Trog
  9340 | D:11     | Found an iron altar of Okawaru.
  9591 | D:11     | Found Xuohel's Jewellery Shoppe.
  9594 | D:11     | Bought the ring of Lufagho {+Blink EV+3} for 595 gold pieces
  9773 | D:11     | Bought an uncursed ring of see invisible for 255 gold pieces
  9863 | D:12     | Noticed a deep elf mage
  9870 | D:12     | Killed a deep elf mage
  9921 | D:12     | Noticed a white ugly thing
  9936 | D:12     | Killed a white ugly thing
  9936 | D:12     | Reached skill level 14 in Axes
 10116 | D:12     | Noticed Kirke
 10392 | D:12     | Found a blossoming altar of Fedhas.
 10410 | D:12     | Noticed a deep elf mage
 10708 | D:12     | Killed a deep elf mage
 10796 | D:12     | Noticed a brown ugly thing
 10805 | D:12     | Killed a brown ugly thing
 10805 | D:12     | Reached skill level 5 in Fighting
 10874 | D:12     | Noticed Gastronok
 10885 | D:12     | Killed Gastronok
 10885 | D:12     | Reached skill level 10 in Armour
 10885 | D:12     | Reached skill level 10 in Shields
 10885 | D:12     | Reached skill level 5 in Evocations
 10885 | D:12     | Reached XP level 12. HP: 103/103 MP: 15/15
 10899 | D:12     | Noticed a six-headed hydra
 10907 | D:12     | Killed a seven-headed hydra
 11076 | D:12     | Killed Kirke
 11240 | D:12     | Reached skill level 15 in Axes
 11622 | Lair:1   | Killed a five-headed hydra
 12354 | Lair:2   | Noticed a five-headed hydra
 12367 | Lair:2   | Killed a ten-headed hydra
 12402 | Lair:2   | Found a hole to the Spider Nest.
 12431 | Spider:1 | Entered Level 1 of the Spider Nest
 12513 | Lair:2   | Got an encrusted spear
 12564 | Lair:2   | Reached XP level 13. HP: 69/114 MP: 18/18
 12956 | Lair:2   | Received a gift from Trog
 13329 | Lair:3   | Reached skill level 16 in Axes
 13437 | Lair:3   | Identified the +4 spear "Arcanum" {drain, rElec Str+2} (You found it on level 2 of the Lair of Beasts)
 13442 | Lair:3   | Noticed Harold
 13455 | Lair:3   | Killed Harold
 13741 | Lair:3   | Found a staircase to the Shoals.
 13766 | Shoals:1 | Entered Level 1 of the Shoals
 14486 | Lair:4   | Found a labyrinth entrance.
 14497 | Lab      | Entered a labyrinth
 15312 | Lab      | Noticed a minotaur
 15322 | Lab      | Killed a minotaur
 15508 | Lair:4   | Received a gift from Trog
 16159 | Lair:5   | Reached skill level 17 in Axes
 16359 | Lair:5   | Found a viscous altar of Jiyva.
 16360 | Lair:5   | Found a staircase to the Slime Pits.
 16515 | Lair:5   | Found a dark tunnel.
 16543 | Volcano  | Entered a volcano
 16716 | Volcano  | Gained mutation: You resist negative energy. (rN+) [Deep Dwarf growth]
 16716 | Volcano  | Reached XP level 14. HP: 59/126 MP: 19/19
 16741 | Volcano  | Found a radiant altar of Vehumet.
 16887 | Volcano  | Reached XP level 15. HP: 82/134 MP: 20/20
 17453 | Lair:6   | Entered Level 6 of the Lair of Beasts
 17650 | Temple   | Entered the Ecumenical Temple
 17840 | D:8      | Fell from the grace of Trog
 17840 | D:8      | Became a worshipper of Makhleb the Destroyer
 17899 | Orc:1    | Entered Level 1 of the Orcish Mines
 17904 | Orc:1    | Identified a +6 rod of inaccuracy (14/14) (You found it in a labyrinth)
 17979 | Orc:2    | Entered Level 2 of the Orcish Mines
 18039 | Orc:2    | Found a staircase to the Elven Halls.
 18040 | Orc:2    | Noticed Snorg
 18061 | Orc:2    | Killed Snorg
 18068 | Orc:2    | HP: 2/134 [orc warrior/battleaxe (15)]
 18068 | Orc:2    | Mangled by an orc warrior

Vault maps used:
D:1:      dpeg_arrival_prison
D:2:      first_bread
D:4:      serial_glass, glass_columns_a, glass_columns_c,
          minmay_stone_trees_medium
D:6:      minmay_temple_entry_statues_pillars, serial_shops, shop_coins
D:7:      grunt_livestock, minmay_misc_feat_columns, minivault_19, uniq_pikel,
          uniq_duvessa
D:8:      minmay_goldmine, makhleb_blood_cavern_becter
D:9:      lemuel_crystal_altar, grunt_lair_entry_orc_guard_hut, special_room
D:10:     serial_shops, shop
D:11:     serial_shops, kennysheep_mini_moat, okawaru_ov_weapons_minmay
D:12:     fedhas_altar_decomposition, uniq_gastronok, uniq_kirke
Temple:   dpeg_circular_temple_20
Lair:1:   portal_ice_cave_entry_pillars_2
Lair:2:   nicolae_spider_entry_non_spiders, zaba_antful_of_joy
Lair:3:   minmay_shoals_entry_hut, minivault_19, uniq_harold
Lair:4:   lab_entry_generic, lemuel_fruit_fields
Lair:5:   slime_altar_1, nicolae_volcano_entry_hallway, grunt_megastairs_1
Lair:6:   minmay_lair_end_enchanted_forest, grunt_megastairs_4
Shoals:1: nicolae_shoals_stone_sculpture_thing
Spider:1: special_room, spiders_nest_spider_trap, uniq_josephine
Orc:1:    basic_altar
Orc:2:    st_orc_town, uniq_snorg
Lab:      nicolae_lab_big_swirl, labyrinth_skeletal_remains, nicolae_lab_arrow,
          nicolae_lab_blocks, nicolae_lab_t_cross, lab_fountain,
          nicolae_lab_starburst, nicolae_lab_very_dead_end
Volcano:  volcano_lake

Skill      XL: |  1  2  3  4  5  6  7  8  9 10 11 12 13 14 |
---------------+-------------------------------------------+-----
Axes           | 4 5 6 7 8 9 10 12 13 14 15 17 | 17.0
Shields        | 1 2 3 5 7 8 10 12 | 12.6
Armour         | 3 4 6 7 9 10 12 13 | 13.3
Fighting       | 3 5 6 8 |  8.9
Evocations     | 5 7 |  7.6
Dodging        | |  2.1

Action                   |  1- 3 |  4- 6 |  7- 9 | 10-12 | 13-15 || total
-------------------------+-------+-------+-------+-------+-------++-------
Melee: Hand axe          |   148 |   243 |    49 |       |       ||   440
       War axe           |       |       |   387 |   596 |       ||   983
       Kick              |       |       |    97 |   286 |   235 ||   618
       Unarmed           |       |       |       |     1 |       ||     1
       Broad axe         |       |       |       |   231 |   624 ||   855
Throw: Throwing net      |       |       |     2 |     1 |       ||     3
Invok: Berserk           |     1 |     6 |     8 |    14 |    11 ||    40
       Trog's Hand       |       |     1 |     3 |    10 |    13 ||    27
       Burn Spellbooks   |       |     1 |     2 |     1 |     1 ||     5
       Brothers in Arms  |       |       |       |     5 |     2 ||     7
 Abil: Evoke Blink       |       |       |       |     1 |     1 ||     2
       Device Recharging |       |       |       |       |     2 ||     2
Evoke: Wand              |       |     1 |     3 |     9 |    13 ||    26
  Use: Scroll            |       |     7 |    14 |    13 |     7 ||    41
       Potion            |       |       |     2 |       |     3 ||     5
 Stab: Sleeping          |     1 |       |       |       |       ||     1
       Distracted        |       |       |       |     1 |     1 ||     2
  Eat: Chunk             |     1 |    12 |    17 |    32 |    24 ||    86
       Fruit             |       |     1 |     1 |       |     5 ||     7
       Beef jerky        |       |       |     2 |       |     4 ||     6
       Pizza             |       |       |     2 |     5 |       ||     7
Armor: Animal skin       |     1 |       |       |       |       ||     1
       Chain mail        |    98 |   132 |   137 |       |       ||   367
       Plate armour      |       |       |    30 |   328 |   278 ||   636
Dodge: Dodged            |    86 |    43 |    75 |   210 |   220 ||   634
Block: Shield            |       |    75 |   266 |   590 |   521 ||  1452
       Reflection        |       |       |     2 |    18 |     3 ||    23
